Workbook

Sheet Dec
E1: December | G1: =IF(H2>=0,"", HYPERLINK("http://www.simpelhuishoudboekje.org/uit-het-rood-komen/", "U staat rood. Klik 2x hier voor uitleg."))
B2: Inkomsten | C2: Te ontvangen | D2: Binnen | G2: Saldo op rekening | H2: =(D7+C9)-(D35+H35) -> 0
B3: Salaris/uitkering | E3: =IF(C3>=D3,"", HYPERLINK("http://www.simpelhuishoudboekje.org/fout-klik-2x-hier/", "Fout! Klik 2x hier!")) | I3: Inloggen bank
B4: Zorgtoeslag | E4: =IF(C4>=D4,"", HYPERLINK("http://www.simpelhuishoudboekje.org/fout-klik-2x-hier/", "Fout! Klik 2x hier!")) | G4: =IF(H5>=0,"", HYPERLINK("http://www.simpelhuishoudboekje.org/nog-te-betalen-is-negatief/", "Fout! Klik 2x hier voor uitleg."))
B5: Huurtoeslag | E5: =IF(C5>=D5,"", HYPERLINK("http://www.simpelhuishoudboekje.org/fout-klik-2x-hier/", "Fout! Klik 2x hier!")) | G5: Nog te betalen | H5: =(C35+G35)-(D35+H35) -> 0
B6: Teruggave | E6: =IF(C6>=D6,"", HYPERLINK("http://www.simpelhuishoudboekje.org/fout-klik-2x-hier/", "Fout! Klik 2x hier!"))
B7: Totaal Inkomsten | C7: =SUM(C3:C6) -> 0 | D7: =SUM(D3:D6) -> 0 | G7: =IF(H8>=0,"", HYPERLINK("http://www.simpelhuishoudboekje.org/geld-over-is-negatief/", "Klopt dit? Klik 2x hier voor uitleg.")) | I7: Rekenmachine
G8: Geld over | H8: =(C7+C9)-(C35+G35) -> 0
B9: Saldo van vorige maand | C9: =Nov!H2 -> 0 | D9: bij negatief saldo: Bedrag met minteken "-" invullen, (bv -34,5)
B10: Extra regels?
I11: Klik op de knop
B12: Vaste kosten | C12: Te betalen | D12: Betaald | F12: Overige kosten | G12: Gepland | H12: Betaald
B13: Huur/hypotheek | E13: =IF(C13>=D13,"", HYPERLINK("http://www.simpelhuishoudboekje.org/fout-klik-2x-hier/", "Fout! Klik 2x hier!")) | F13: Eten
B14: Energie | E14: =IF(C14>=D14,"", HYPERLINK("http://www.simpelhuishoudboekje.org/fout-klik-2x-hier/", "Fout! Klik 2x hier!")) | F14: Kleding
B15: Tv | E15: =IF(C15>=D15,"", HYPERLINK("http://www.simpelhuishoudboekje.org/fout-klik-2x-hier/", "Fout! Klik 2x hier!")) | F15: Uitgaan
B16: Mobiel | E16: =IF(C16>=D16,"", HYPERLINK("http://www.simpelhuishoudboekje.org/fout-klik-2x-hier/", "Fout! Klik 2x hier!")) | F16: Sparen voor vakantie
E17: =IF(C17>=D17,"", HYPERLINK("http://www.simpelhuishoudboekje.org/fout-klik-2x-hier/", "Fout! Klik 2x hier!")) | F17: Potje onvoorzien
E18: =IF(C18>=D18,"", HYPERLINK("http://www.simpelhuishoudboekje.org/fout-klik-2x-hier/", "Fout! Klik 2x hier!"))
E19: =IF(C19>=D19,"", HYPERLINK("http://www.simpelhuishoudboekje.org/fout-klik-2x-hier/", "Fout! Klik 2x hier!"))
E20: =IF(C20>=D20,"", HYPERLINK("http://www.simpelhuishoudboekje.org/fout-klik-2x-hier/", "Fout! Klik 2x hier!"))
E21: =IF(C21>=D21,"", HYPERLINK("http://www.simpelhuishoudboekje.org/fout-klik-2x-hier/", "Fout! Klik 2x hier!"))
E22: =IF(C22>=D22,"", HYPERLINK("http://www.simpelhuishoudboekje.org/fout-klik-2x-hier/", "Fout! Klik 2x hier!"))
E23: =IF(C23>=D23,"", HYPERLINK("http://www.simpelhuishoudboekje.org/fout-klik-2x-hier/", "Fout! Klik 2x hier!"))
E24: =IF(C24>=D24,"", HYPERLINK("http://www.simpelhuishoudboekje.org/fout-klik-2x-hier/", "Fout! Klik 2x hier!"))
E25: =IF(C25>=D25,"", HYPERLINK("http://www.simpelhuishoudboekje.org/fout-klik-2x-hier/", "Fout! Klik 2x hier!"))
E26: =IF(C26>=D26,"", HYPERLINK("http://www.simpelhuishoudboekje.org/fout-klik-2x-hier/", "Fout! Klik 2x hier!"))
E27: =IF(C27>=D27,"", HYPERLINK("http://www.simpelhuishoudboekje.org/fout-klik-2x-hier/", "Fout! Klik 2x hier!"))
E28: =IF(C28>=D28,"", HYPERLINK("http://www.simpelhuishoudboekje.org/fout-klik-2x-hier/", "Fout! Klik 2x hier!"))
E29: =IF(C29>=D29,"", HYPERLINK("http://www.simpelhuishoudboekje.org/fout-klik-2x-hier/", "Fout! Klik 2x hier!"))
B32: Kwartaalkosten | C32: =Kwartaalkosten!F27 -> 0
B33: Jaarkosten | C33: =Jaarkosten!F50 -> 0
B35: Totaal vaste kosten | C35: =SUM(C13:C33) -> 0 | D35: =SUM(D13:D33) -> 0 | F35: Totaal andere kosten | G35: =SUM(G13:G33) -> 0 | H35: =SUM(H13:H33) -> 0
G36: Geplande kosten | H36: =C35+G35 -> 0
G37: Feitelijke kosten | H37: =D35+H35 -> 0
B38: Sparen saldo | C38: =Sparen!C22 -> 0 | F38: Schulden | G38: =Schulden!E21 -> 0
I44: Deel onze website
D52: ©2009-2017 Stichting Simpel Huishoudboekje Copyright
E53: www.simpelhuishoudboekje.nl

Sheet Nov
E1: November | G1: =IF(H2>=0,"", HYPERLINK("http://www.simpelhuishoudboekje.org/uit-het-rood-komen/", "U staat rood. Klik 2x hier voor uitleg."))
B2: Inkomsten | C2: Te ontvangen | D2: Binnen | G2: Saldo op rekening | H2: =(D7+C9)-(D35+H35) -> 0
B3: Salaris/uitkering | E3: =IF(C3>=D3,"", HYPERLINK("http://www.simpelhuishoudboekje.org/fout-klik-2x-hier/", "Fout! Klik 2x hier!")) | I3: Inloggen bank
B4: Zorgtoeslag | E4: =IF(C4>=D4,"", HYPERLINK("http://www.simpelhuishoudboekje.org/fout-klik-2x-hier/", "Fout! Klik 2x hier!")) | G4: =IF(H5>=0,"", HYPERLINK("http://www.simpelhuishoudboekje.org/nog-te-betalen-is-negatief/", "Fout! Klik 2x hier voor uitleg."))
B5: Huurtoeslag | E5: =IF(C5>=D5,"", HYPERLINK("http://www.simpelhuishoudboekje.org/fout-klik-2x-hier/", "Fout! Klik 2x hier!")) | G5: Nog te betalen | H5: =(C35+G35)-(D35+H35) -> 0
B6: Teruggave | E6: =IF(C6>=D6,"", HYPERLINK("http://www.simpelhuishoudboekje.org/fout-klik-2x-hier/", "Fout! Klik 2x hier!"))
B7: Totaal Inkomsten | C7: =SUM(C3:C6) -> 0 | D7: =SUM(D3:D6) -> 0 | G7: =IF(H8>=0,"", HYPERLINK("http://www.simpelhuishoudboekje.org/geld-over-is-negatief/", "Klopt dit? Klik 2x hier voor uitleg.")) | I7: Rekenmachine
G8: Geld over | H8: =(C7+C9)-(C35+G35) -> 0
B9: Saldo van vorige maand | C9: =Okt!H2 -> 0 | D9: bij negatief saldo: Bedrag met minteken "-" invullen, (bv -34,5)
B10: Extra regels?
I11: Klik op de knop
B12: Vaste kosten | C12: Te betalen | D12: Betaald | F12: Overige kosten | G12: Gepland | H12: Betaald
B13: Huur/hypotheek | E13: =IF(C13>=D13,"", HYPERLINK("http://www.simpelhuishoudboekje.org/fout-klik-2x-hier/", "Fout! Klik 2x hier!")) | F13: Eten
B14: Energie | E14: =IF(C14>=D14,"", HYPERLINK("http://www.simpelhuishoudboekje.org/fout-klik-2x-hier/", "Fout! Klik 2x hier!")) | F14: Kleding
B15: Tv | E15: =IF(C15>=D15,"", HYPERLINK("http://www.simpelhuishoudboekje.org/fout-klik-2x-hier/", "Fout! Klik 2x hier!")) | F15: Uitgaan
B16: Mobiel | E16: =IF(C16>=D16,"", HYPERLINK("http://www.simpelhuishoudboekje.org/fout-klik-2x-hier/", "Fout! Klik 2x hier!")) | F16: Sparen voor vakantie
E17: =IF(C17>=D17,"", HYPERLINK("http://www.simpelhuishoudboekje.org/fout-klik-2x-hier/", "Fout! Klik 2x hier!")) | F17: Potje onvoorzien
E18: =IF(C18>=D18,"", HYPERLINK("http://www.simpelhuishoudboekje.org/fout-klik-2x-hier/", "Fout! Klik 2x hier!"))
E19: =IF(C19>=D19,"", HYPERLINK("http://www.simpelhuishoudboekje.org/fout-klik-2x-hier/", "Fout! Klik 2x hier!"))
E20: =IF(C20>=D20,"", HYPERLINK("http://www.simpelhuishoudboekje.org/fout-klik-2x-hier/", "Fout! Klik 2x hier!"))
E21: =IF(C21>=D21,"", HYPERLINK("http://www.simpelhuishoudboekje.org/fout-klik-2x-hier/", "Fout! Klik 2x hier!"))
E22: =IF(C22>=D22,"", HYPERLINK("http://www.simpelhuishoudboekje.org/fout-klik-2x-hier/", "Fout! Klik 2x hier!"))
E23: =IF(C23>=D23,"", HYPERLINK("http://www.simpelhuishoudboekje.org/fout-klik-2x-hier/", "Fout! Klik 2x hier!"))
E24: =IF(C24>=D24,"", HYPERLINK("http://www.simpelhuishoudboekje.org/fout-klik-2x-hier/", "Fout! Klik 2x hier!"))
E25: =IF(C25>=D25,"", HYPERLINK("http://www.simpelhuishoudboekje.org/fout-klik-2x-hier/", "Fout! Klik 2x hier!"))
E26: =IF(C26>=D26,"", HYPERLINK("http://www.simpelhuishoudboekje.org/fout-klik-2x-hier/", "Fout! Klik 2x hier!"))
E27: =IF(C27>=D27,"", HYPERLINK("http://www.simpelhuishoudboekje.org/fout-klik-2x-hier/", "Fout! Klik 2x hier!"))
E28: =IF(C28>=D28,"", HYPERLINK("http://www.simpelhuishoudboekje.org/fout-klik-2x-hier/", "Fout! Klik 2x hier!"))
E29: =IF(C29>=D29,"", HYPERLINK("http://www.simpelhuishoudboekje.org/fout-klik-2x-hier/", "Fout! Klik 2x hier!"))
B32: Kwartaalkosten | C32: =Kwartaalkosten!F27 -> 0
B33: Jaarkosten | C33: =Jaarkosten!F50 -> 0
B35: Totaal vaste kosten | C35: =SUM(C13:C33) -> 0 | D35: =SUM(D13:D33) -> 0 | F35: Totaal andere kosten | G35: =SUM(G13:G33) -> 0 | H35: =SUM(H13:H33) -> 0
G36: Geplande kosten | H36: =C35+G35 -> 0
G37: Feitelijke kosten | H37: =D35+H35 -> 0
B38: Sparen saldo | C38: =Sparen!C22 -> 0 | F38: Schulden | G38: =Schulden!E21 -> 0
I44: Deel onze website
D52: ©2009-2017 Stichting Simpel Huishoudboekje Copyright
E53: www.simpelhuishoudboekje.nl

Sheet Okt
E1: Oktober | G1: =IF(H2>=0,"", HYPERLINK("http://www.simpelhuishoudboekje.org/uit-het-rood-komen/", "U staat rood. Klik 2x hier voor uitleg."))
B2: Inkomsten | C2: Te ontvangen | D2: Binnen | G2: Saldo op rekening | H2: =(D7+C9)-(D35+H35) -> 0
B3: Salaris/uitkering | E3: =IF(C3>=D3,"", HYPERLINK("http://www.simpelhuishoudboekje.org/fout-klik-2x-hier/", "Fout! Klik 2x hier!")) | I3: Inloggen bank
B4: Zorgtoeslag | E4: =IF(C4>=D4,"", HYPERLINK("http://www.simpelhuishoudboekje.org/fout-klik-2x-hier/", "Fout! Klik 2x hier!")) | G4: =IF(H5>=0,"", HYPERLINK("http://www.simpelhuishoudboekje.org/nog-te-betalen-is-negatief/", "Fout! Klik 2x hier voor uitleg."))
B5: Huurtoeslag | E5: =IF(C5>=D5,"", HYPERLINK("http://www.simpelhuishoudboekje.org/fout-klik-2x-hier/", "Fout! Klik 2x hier!")) | G5: Nog te betalen | H5: =(C35+G35)-(D35+H35) -> 0
B6: Teruggave | E6: =IF(C6>=D6,"", HYPERLINK("http://www.simpelhuishoudboekje.org/fout-klik-2x-hier/", "Fout! Klik 2x hier!"))
B7: Totaal Inkomsten | C7: =SUM(C3:C6) -> 0 | D7: =SUM(D3:D6) -> 0 | G7: =IF(H8>=0,"", HYPERLINK("http://www.simpelhuishoudboekje.org/geld-over-is-negatief/", "Klopt dit? Klik 2x hier voor uitleg.")) | I7: Rekenmachine
G8: Geld over | H8: =(C7+C9)-(C35+G35) -> 0
B9: Saldo van vorige maand | C9: =Sept!H2 -> 0 | D9: bij negatief saldo: Bedrag met minteken "-" invullen, (bv -34,5)
B10: Extra regels?
I11: Klik op de knop
B12: Vaste kosten | C12: Te betalen | D12: Betaald | F12: Overige kosten | G12: Gepland | H12: Betaald
B13: Huur/hypotheek | E13: =IF(C13>=D13,"", HYPERLINK("http://www.simpelhuishoudboekje.org/fout-klik-2x-hier/", "Fout! Klik 2x hier!")) | F13: Eten
B14: Energie | E14: =IF(C14>=D14,"", HYPERLINK("http://www.simpelhuishoudboekje.org/fout-klik-2x-hier/", "Fout! Klik 2x hier!")) | F14: Kleding
B15: Tv | E15: =IF(C15>=D15,"", HYPERLINK("http://www.simpelhuishoudboekje.org/fout-klik-2x-hier/", "Fout! Klik 2x hier!")) | F15: Uitgaan
B16: Mobiel | E16: =IF(C16>=D16,"", HYPERLINK("http://www.simpelhuishoudboekje.org/fout-klik-2x-hier/", "Fout! Klik 2x hier!")) | F16: Sparen voor vakantie
E17: =IF(C17>=D17,"", HYPERLINK("http://www.simpelhuishoudboekje.org/fout-klik-2x-hier/", "Fout! Klik 2x hier!")) | F17: Potje onvoorzien
E18: =IF(C18>=D18,"", HYPERLINK("http://www.simpelhuishoudboekje.org/fout-klik-2x-hier/", "Fout! Klik 2x hier!"))
E19: =IF(C19>=D19,"", HYPERLINK("http://www.simpelhuishoudboekje.org/fout-klik-2x-hier/", "Fout! Klik 2x hier!"))
E20: =IF(C20>=D20,"", HYPERLINK("http://www.simpelhuishoudboekje.org/fout-klik-2x-hier/", "Fout! Klik 2x hier!"))
E21: =IF(C21>=D21,"", HYPERLINK("http://www.simpelhuishoudboekje.org/fout-klik-2x-hier/", "Fout! Klik 2x hier!"))
E22: =IF(C22>=D22,"", HYPERLINK("http://www.simpelhuishoudboekje.org/fout-klik-2x-hier/", "Fout! Klik 2x hier!"))
E23: =IF(C23>=D23,"", HYPERLINK("http://www.simpelhuishoudboekje.org/fout-klik-2x-hier/", "Fout! Klik 2x hier!"))
E24: =IF(C24>=D24,"", HYPERLINK("http://www.simpelhuishoudboekje.org/fout-klik-2x-hier/", "Fout! Klik 2x hier!"))
E25: =IF(C25>=D25,"", HYPERLINK("http://www.simpelhuishoudboekje.org/fout-klik-2x-hier/", "Fout! Klik 2x hier!"))
E26: =IF(C26>=D26,"", HYPERLINK("http://www.simpelhuishoudboekje.org/fout-klik-2x-hier/", "Fout! Klik 2x hier!"))
E27: =IF(C27>=D27,"", HYPERLINK("http://www.simpelhuishoudboekje.org/fout-klik-2x-hier/", "Fout! Klik 2x hier!"))
E28: =IF(C28>=D28,"", HYPERLINK("http://www.simpelhuishoudboekje.org/fout-klik-2x-hier/", "Fout! Klik 2x hier!"))
E29: =IF(C29>=D29,"", HYPERLINK("http://www.simpelhuishoudboekje.org/fout-klik-2x-hier/", "Fout! Klik 2x hier!"))
B32: Kwartaalkosten | C32: =Kwartaalkosten!F27 -> 0
B33: Jaarkosten | C33: =Jaarkosten!F50 -> 0
B35: Totaal vaste kosten | C35: =SUM(C13:C33) -> 0 | D35: =SUM(D13:D33) -> 0 | F35: Totaal andere kosten | G35: =SUM(G13:G33) -> 0 | H35: =SUM(H13:H33) -> 0
G36: Geplande kosten | H36: =C35+G35 -> 0
G37: Feitelijke kosten | H37: =D35+H35 -> 0
B38: Sparen saldo | C38: =Sparen!C22 -> 0 | F38: Schulden | G38: =Schulden!E21 -> 0
I44: Deel onze website
D52: ©2009-2017 Stichting Simpel Huishoudboekje Copyright
E53: www.simpelhuishoudboekje.nl

Sheet Sept
E1: September | G1: =IF(H2>=0,"", HYPERLINK("http://www.simpelhuishoudboekje.org/uit-het-rood-komen/", "U staat rood. Klik 2x hier voor uitleg."))
B2: Inkomsten | C2: Te ontvangen | D2: Binnen | G2: Saldo op rekening | H2: =(D7+C9)-(D35+H35) -> 0
B3: Salaris/uitkering | E3: =IF(C3>=D3,"", HYPERLINK("http://www.simpelhuishoudboekje.org/fout-klik-2x-hier/", "Fout! Klik 2x hier!")) | I3: Inloggen bank
B4: Zorgtoeslag | E4: =IF(C4>=D4,"", HYPERLINK("http://www.simpelhuishoudboekje.org/fout-klik-2x-hier/", "Fout! Klik 2x hier!")) | G4: =IF(H5>=0,"", HYPERLINK("http://www.simpelhuishoudboekje.org/nog-te-betalen-is-negatief/", "Fout! Klik 2x hier voor uitleg."))
B5: Huurtoeslag | E5: =IF(C5>=D5,"", HYPERLINK("http://www.simpelhuishoudboekje.org/fout-klik-2x-hier/", "Fout! Klik 2x hier!")) | G5: Nog te betalen | H5: =(C35+G35)-(D35+H35) -> 0
B6: Teruggave | E6: =IF(C6>=D6,"", HYPERLINK("http://www.simpelhuishoudboekje.org/fout-klik-2x-hier/", "Fout! Klik 2x hier!"))
B7: Totaal Inkomsten | C7: =SUM(C3:C6) -> 0 | D7: =SUM(D3:D6) -> 0 | G7: =IF(H8>=0,"", HYPERLINK("http://www.simpelhuishoudboekje.org/geld-over-is-negatief/", "Klopt dit? Klik 2x hier voor uitleg.")) | I7: Rekenmachine
G8: Geld over | H8: =(C7+C9)-(C35+G35) -> 0
B9: Saldo van vorige maand | C9: =Aug!H2 -> 0 | D9: bij negatief saldo: Bedrag met minteken "-" invullen, (bv -34,5)
B10: Extra regels?
I11: Klik op de knop
B12: Vaste kosten | C12: Te betalen | D12: Betaald | F12: Overige kosten | G12: Gepland | H12: Betaald
B13: Huur/hypotheek | E13: =IF(C13>=D13,"", HYPERLINK("http://www.simpelhuishoudboekje.org/fout-klik-2x-hier/", "Fout! Klik 2x hier!")) | F13: Eten
B14: Energie | E14: =IF(C14>=D14,"", HYPERLINK("http://www.simpelhuishoudboekje.org/fout-klik-2x-hier/", "Fout! Klik 2x hier!")) | F14: Kleding
B15: Tv | E15: =IF(C15>=D15,"", HYPERLINK("http://www.simpelhuishoudboekje.org/fout-klik-2x-hier/", "Fout! Klik 2x hier!")) | F15: Uitgaan
B16: Mobiel | E16: =IF(C16>=D16,"", HYPERLINK("http://www.simpelhuishoudboekje.org/fout-klik-2x-hier/", "Fout! Klik 2x hier!")) | F16: Sparen voor vakantie
E17: =IF(C17>=D17,"", HYPERLINK("http://www.simpelhuishoudboekje.org/fout-klik-2x-hier/", "Fout! Klik 2x hier!")) | F17: Potje onvoorzien
E18: =IF(C18>=D18,"", HYPERLINK("http://www.simpelhuishoudboekje.org/fout-klik-2x-hier/", "Fout! Klik 2x hier!"))
E19: =IF(C19>=D19,"", HYPERLINK("http://www.simpelhuishoudboekje.org/fout-klik-2x-hier/", "Fout! Klik 2x hier!"))
E20: =IF(C20>=D20,"", HYPERLINK("http://www.simpelhuishoudboekje.org/fout-klik-2x-hier/", "Fout! Klik 2x hier!"))
E21: =IF(C21>=D21,"", HYPERLINK("http://www.simpelhuishoudboekje.org/fout-klik-2x-hier/", "Fout! Klik 2x hier!"))
E22: =IF(C22>=D22,"", HYPERLINK("http://www.simpelhuishoudboekje.org/fout-klik-2x-hier/", "Fout! Klik 2x hier!"))
E23: =IF(C23>=D23,"", HYPERLINK("http://www.simpelhuishoudboekje.org/fout-klik-2x-hier/", "Fout! Klik 2x hier!"))
E24: =IF(C24>=D24,"", HYPERLINK("http://www.simpelhuishoudboekje.org/fout-klik-2x-hier/", "Fout! Klik 2x hier!"))
E25: =IF(C25>=D25,"", HYPERLINK("http://www.simpelhuishoudboekje.org/fout-klik-2x-hier/", "Fout! Klik 2x hier!"))
E26: =IF(C26>=D26,"", HYPERLINK("http://www.simpelhuishoudboekje.org/fout-klik-2x-hier/", "Fout! Klik 2x hier!"))
E27: =IF(C27>=D27,"", HYPERLINK("http://www.simpelhuishoudboekje.org/fout-klik-2x-hier/", "Fout! Klik 2x hier!"))
E28: =IF(C28>=D28,"", HYPERLINK("http://www.simpelhuishoudboekje.org/fout-klik-2x-hier/", "Fout! Klik 2x hier!"))
E29: =IF(C29>=D29,"", HYPERLINK("http://www.simpelhuishoudboekje.org/fout-klik-2x-hier/", "Fout! Klik 2x hier!"))
B32: Kwartaalkosten | C32: =Kwartaalkosten!F27 -> 0
B33: Jaarkosten | C33: =Jaarkosten!F50 -> 0
B35: Totaal vaste kosten | C35: =SUM(C13:C33) -> 0 | D35: =SUM(D13:D33) -> 0 | F35: Totaal andere kosten | G35: =SUM(G13:G33) -> 0 | H35: =SUM(H13:H33) -> 0
G36: Geplande kosten | H36: =C35+G35 -> 0
G37: Feitelijke kosten | H37: =D35+H35 -> 0
B38: Sparen saldo | C38: =Sparen!C22 -> 0 | F38: Schulden | G38: =Schulden!E21 -> 0
I44: Deel onze website
D52: ©2009-2017 Stichting Simpel Huishoudboekje Copyright
E53: www.simpelhuishoudboekje.nl

Sheet Aug
E1: Augustus | G1: =IF(H2>=0,"", HYPERLINK("http://www.simpelhuishoudboekje.org/uit-het-rood-komen/", "U staat rood. Klik 2x hier voor uitleg."))
B2: Inkomsten | C2: Te ontvangen | D2: Binnen | G2: Saldo op rekening | H2: =(D7+C9)-(D35+H35) -> 0
B3: Salaris/uitkering | E3: =IF(C3>=D3,"", HYPERLINK("http://www.simpelhuishoudboekje.org/fout-klik-2x-hier/", "Fout! Klik 2x hier!")) | I3: Inloggen bank
B4: Zorgtoeslag | E4: =IF(C4>=D4,"", HYPERLINK("http://www.simpelhuishoudboekje.org/fout-klik-2x-hier/", "Fout! Klik 2x hier!")) | G4: =IF(H5>=0,"", HYPERLINK("http://www.simpelhuishoudboekje.org/nog-te-betalen-is-negatief/", "Fout! Klik 2x hier voor uitleg."))
B5: Huurtoeslag | E5: =IF(C5>=D5,"", HYPERLINK("http://www.simpelhuishoudboekje.org/fout-klik-2x-hier/", "Fout! Klik 2x hier!")) | G5: Nog te betalen | H5: =(C35+G35)-(D35+H35) -> 0
B6: Teruggave | E6: =IF(C6>=D6,"", HYPERLINK("http://www.simpelhuishoudboekje.org/fout-klik-2x-hier/", "Fout! Klik 2x hier!"))
B7: Totaal Inkomsten | C7: =SUM(C3:C6) -> 0 | D7: =SUM(D3:D6) -> 0 | G7: =IF(H8>=0,"", HYPERLINK("http://www.simpelhuishoudboekje.org/geld-over-is-negatief/", "Klopt dit? Klik 2x hier voor uitleg.")) | I7: Rekenmachine
G8: Geld over | H8: =(C7+C9)-(C35+G35) -> 0
B9: Saldo van vorige maand | C9: =Juli!H2 -> 0 | D9: bij negatief saldo: Bedrag met minteken "-" invullen, (bv -34,5)
B10: Extra regels?
I11: Klik op de knop
B12: Vaste kosten | C12: Te betalen | D12: Betaald | F12: Overige kosten | G12: Gepland | H12: Betaald
B13: Huur/hypotheek | E13: =IF(C13>=D13,"", HYPERLINK("http://www.simpelhuishoudboekje.org/fout-klik-2x-hier/", "Fout! Klik 2x hier!")) | F13: Eten
B14: Energie | E14: =IF(C14>=D14,"", HYPERLINK("http://www.simpelhuishoudboekje.org/fout-klik-2x-hier/", "Fout! Klik 2x hier!")) | F14: Kleding
B15: Tv | E15: =IF(C15>=D15,"", HYPERLINK("http://www.simpelhuishoudboekje.org/fout-klik-2x-hier/", "Fout! Klik 2x hier!")) | F15: Uitgaan
B16: Mobiel | E16: =IF(C16>=D16,"", HYPERLINK("http://www.simpelhuishoudboekje.org/fout-klik-2x-hier/", "Fout! Klik 2x hier!")) | F16: Sparen voor vakantie
E17: =IF(C17>=D17,"", HYPERLINK("http://www.simpelhuishoudboekje.org/fout-klik-2x-hier/", "Fout! Klik 2x hier!")) | F17: Potje onvoorzien
E18: =IF(C18>=D18,"", HYPERLINK("http://www.simpelhuishoudboekje.org/fout-klik-2x-hier/", "Fout! Klik 2x hier!"))
E19: =IF(C19>=D19,"", HYPERLINK("http://www.simpelhuishoudboekje.org/fout-klik-2x-hier/", "Fout! Klik 2x hier!"))
E20: =IF(C20>=D20,"", HYPERLINK("http://www.simpelhuishoudboekje.org/fout-klik-2x-hier/", "Fout! Klik 2x hier!"))
E21: =IF(C21>=D21,"", HYPERLINK("http://www.simpelhuishoudboekje.org/fout-klik-2x-hier/", "Fout! Klik 2x hier!"))
E22: =IF(C22>=D22,"", HYPERLINK("http://www.simpelhuishoudboekje.org/fout-klik-2x-hier/", "Fout! Klik 2x hier!"))
E23: =IF(C23>=D23,"", HYPERLINK("http://www.simpelhuishoudboekje.org/fout-klik-2x-hier/", "Fout! Klik 2x hier!"))
E24: =IF(C24>=D24,"", HYPERLINK("http://www.simpelhuishoudboekje.org/fout-klik-2x-hier/", "Fout! Klik 2x hier!"))
E25: =IF(C25>=D25,"", HYPERLINK("http://www.simpelhuishoudboekje.org/fout-klik-2x-hier/", "Fout! Klik 2x hier!"))
E26: =IF(C26>=D26,"", HYPERLINK("http://www.simpelhuishoudboekje.org/fout-klik-2x-hier/", "Fout! Klik 2x hier!"))
E27: =IF(C27>=D27,"", HYPERLINK("http://www.simpelhuishoudboekje.org/fout-klik-2x-hier/", "Fout! Klik 2x hier!"))
E28: =IF(C28>=D28,"", HYPERLINK("http://www.simpelhuishoudboekje.org/fout-klik-2x-hier/", "Fout! Klik 2x hier!"))
E29: =IF(C29>=D29,"", HYPERLINK("http://www.simpelhuishoudboekje.org/fout-klik-2x-hier/", "Fout! Klik 2x hier!"))
B32: Kwartaalkosten | C32: =Kwartaalkosten!F27 -> 0
B33: Jaarkosten | C33: =Jaarkosten!F50 -> 0
B35: Totaal vaste kosten | C35: =SUM(C13:C33) -> 0 | D35: =SUM(D13:D33) -> 0 | F35: Totaal andere kosten | G35: =SUM(G13:G33) -> 0 | H35: =SUM(H13:H33) -> 0
G36: Geplande kosten | H36: =C35+G35 -> 0
G37: Feitelijke kosten | H37: =D35+H35 -> 0
B38: Sparen saldo | C38: =Sparen!C22 -> 0 | F38: Schulden | G38: =Schulden!E21 -> 0
I44: Deel onze website
D52: ©2009-2017 Stichting Simpel Huishoudboekje Copyright
E53: www.simpelhuishoudboekje.nl

Sheet Juli
E1: Juli | G1: =IF(H2>=0,"", HYPERLINK("http://www.simpelhuishoudboekje.org/uit-het-rood-komen/", "U staat rood. Klik 2x hier voor uitleg."))
B2: Inkomsten | C2: Te ontvangen | D2: Binnen | G2: Saldo op rekening | H2: =(D7+C9)-(D35+H35) -> 0
B3: Salaris/uitkering | E3: =IF(C3>=D3,"", HYPERLINK("http://www.simpelhuishoudboekje.org/fout-klik-2x-hier/", "Fout! Klik 2x hier!")) | I3: Inloggen bank
B4: Zorgtoeslag | E4: =IF(C4>=D4,"", HYPERLINK("http://www.simpelhuishoudboekje.org/fout-klik-2x-hier/", "Fout! Klik 2x hier!")) | G4: =IF(H5>=0,"", HYPERLINK("http://www.simpelhuishoudboekje.org/nog-te-betalen-is-negatief/", "Fout! Klik 2x hier voor uitleg."))
B5: Huurtoeslag | E5: =IF(C5>=D5,"", HYPERLINK("http://www.simpelhuishoudboekje.org/fout-klik-2x-hier/", "Fout! Klik 2x hier!")) | G5: Nog te betalen | H5: =(C35+G35)-(D35+H35) -> 0
B6: Teruggave | E6: =IF(C6>=D6,"", HYPERLINK("http://www.simpelhuishoudboekje.org/fout-klik-2x-hier/", "Fout! Klik 2x hier!"))
B7: Totaal Inkomsten | C7: =SUM(C3:C6) -> 0 | D7: =SUM(D3:D6) -> 0 | G7: =IF(H8>=0,"", HYPERLINK("http://www.simpelhuishoudboekje.org/geld-over-is-negatief/", "Klopt dit? Klik 2x hier voor uitleg.")) | I7: Rekenmachine
G8: Geld over | H8: =(C7+C9)-(C35+G35) -> 0
B9: Saldo van vorige maand | C9: =Juni!H2 -> 0 | D9: bij negatief saldo: Bedrag met minteken "-" invullen, (bv -34,5)
B10: Extra regels?
I11: Klik op de knop
B12: Vaste kosten | C12: Te betalen | D12: Betaald | F12: Overige kosten | G12: Gepland | H12: Betaald
B13: Huur/hypotheek | E13: =IF(C13>=D13,"", HYPERLINK("http://www.simpelhuishoudboekje.org/fout-klik-2x-hier/", "Fout! Klik 2x hier!")) | F13: Eten
B14: Energie | E14: =IF(C14>=D14,"", HYPERLINK("http://www.simpelhuishoudboekje.org/fout-klik-2x-hier/", "Fout! Klik 2x hier!")) | F14: Kleding
B15: Tv | E15: =IF(C15>=D15,"", HYPERLINK("http://www.simpelhuishoudboekje.org/fout-klik-2x-hier/", "Fout! Klik 2x hier!")) | F15: Uitgaan
B16: Mobiel | E16: =IF(C16>=D16,"", HYPERLINK("http://www.simpelhuishoudboekje.org/fout-klik-2x-hier/", "Fout! Klik 2x hier!")) | F16: Sparen voor vakantie
E17: =IF(C17>=D17,"", HYPERLINK("http://www.simpelhuishoudboekje.org/fout-klik-2x-hier/", "Fout! Klik 2x hier!")) | F17: Potje onvoorzien
E18: =IF(C18>=D18,"", HYPERLINK("http://www.simpelhuishoudboekje.org/fout-klik-2x-hier/", "Fout! Klik 2x hier!"))
E19: =IF(C19>=D19,"", HYPERLINK("http://www.simpelhuishoudboekje.org/fout-klik-2x-hier/", "Fout! Klik 2x hier!"))
E20: =IF(C20>=D20,"", HYPERLINK("http://www.simpelhuishoudboekje.org/fout-klik-2x-hier/", "Fout! Klik 2x hier!"))
E21: =IF(C21>=D21,"", HYPERLINK("http://www.simpelhuishoudboekje.org/fout-klik-2x-hier/", "Fout! Klik 2x hier!"))
E22: =IF(C22>=D22,"", HYPERLINK("http://www.simpelhuishoudboekje.org/fout-klik-2x-hier/", "Fout! Klik 2x hier!"))
E23: =IF(C23>=D23,"", HYPERLINK("http://www.simpelhuishoudboekje.org/fout-klik-2x-hier/", "Fout! Klik 2x hier!"))
E24: =IF(C24>=D24,"", HYPERLINK("http://www.simpelhuishoudboekje.org/fout-klik-2x-hier/", "Fout! Klik 2x hier!"))
E25: =IF(C25>=D25,"", HYPERLINK("http://www.simpelhuishoudboekje.org/fout-klik-2x-hier/", "Fout! Klik 2x hier!"))
E26: =IF(C26>=D26,"", HYPERLINK("http://www.simpelhuishoudboekje.org/fout-klik-2x-hier/", "Fout! Klik 2x hier!"))
E27: =IF(C27>=D27,"", HYPERLINK("http://www.simpelhuishoudboekje.org/fout-klik-2x-hier/", "Fout! Klik 2x hier!"))
E28: =IF(C28>=D28,"", HYPERLINK("http://www.simpelhuishoudboekje.org/fout-klik-2x-hier/", "Fout! Klik 2x hier!"))
E29: =IF(C29>=D29,"", HYPERLINK("http://www.simpelhuishoudboekje.org/fout-klik-2x-hier/", "Fout! Klik 2x hier!"))
B32: Kwartaalkosten | C32: =Kwartaalkosten!F27 -> 0
B33: Jaarkosten | C33: =Jaarkosten!F50 -> 0
B35: Totaal vaste kosten | C35: =SUM(C13:C33) -> 0 | D35: =SUM(D13:D33) -> 0 | F35: Totaal andere kosten | G35: =SUM(G13:G33) -> 0 | H35: =SUM(H13:H33) -> 0
G36: Geplande kosten | H36: =C35+G35 -> 0
G37: Feitelijke kosten | H37: =D35+H35 -> 0
B38: Sparen saldo | C38: =Sparen!C22 -> 0 | F38: Schulden | G38: =Schulden!E21 -> 0
I44: Deel onze website
D52: ©2009-2017 Stichting Simpel Huishoudboekje Copyright
E53: www.simpelhuishoudboekje.nl

Sheet Juni
E1: Juni | G1: =IF(H2>=0,"", HYPERLINK("http://www.simpelhuishoudboekje.org/uit-het-rood-komen/", "U staat rood. Klik 2x hier voor uitleg."))
B2: Inkomsten | C2: Te ontvangen | D2: Binnen | G2: Saldo op rekening | H2: =(D7+C9)-(D35+H35) -> 0
B3: Salaris/uitkering | E3: =IF(C3>=D3,"", HYPERLINK("http://www.simpelhuishoudboekje.org/fout-klik-2x-hier/", "Fout! Klik 2x hier!")) | I3: Inloggen bank
B4: Zorgtoeslag | E4: =IF(C4>=D4,"", HYPERLINK("http://www.simpelhuishoudboekje.org/fout-klik-2x-hier/", "Fout! Klik 2x hier!")) | G4: =IF(H5>=0,"", HYPERLINK("http://www.simpelhuishoudboekje.org/nog-te-betalen-is-negatief/", "Fout! Klik 2x hier voor uitleg."))
B5: Huurtoeslag | E5: =IF(C5>=D5,"", HYPERLINK("http://www.simpelhuishoudboekje.org/fout-klik-2x-hier/", "Fout! Klik 2x hier!")) | G5: Nog te betalen | H5: =(C35+G35)-(D35+H35) -> 0
B6: Teruggave | E6: =IF(C6>=D6,"", HYPERLINK("http://www.simpelhuishoudboekje.org/fout-klik-2x-hier/", "Fout! Klik 2x hier!"))
B7: Totaal Inkomsten | C7: =SUM(C3:C6) -> 0 | D7: =SUM(D3:D6) -> 0 | G7: =IF(H8>=0,"", HYPERLINK("http://www.simpelhuishoudboekje.org/geld-over-is-negatief/", "Klopt dit? Klik 2x hier voor uitleg.")) | I7: Rekenmachine
G8: Geld over | H8: =(C7+C9)-(C35+G35) -> 0
B9: Saldo van vorige maand | C9: =Mei!H2 -> 0 | D9: bij negatief saldo: Bedrag met minteken "-" invullen, (bv -34,5)
B10: Extra regels?
I11: Klik op de knop
B12: Vaste kosten | C12: Te betalen | D12: Betaald | F12: Overige kosten | G12: Gepland | H12: Betaald
B13: Huur/hypotheek | E13: =IF(C13>=D13,"", HYPERLINK("http://www.simpelhuishoudboekje.org/fout-klik-2x-hier/", "Fout! Klik 2x hier!")) | F13: Eten
B14: Energie | E14: =IF(C14>=D14,"", HYPERLINK("http://www.simpelhuishoudboekje.org/fout-klik-2x-hier/", "Fout! Klik 2x hier!")) | F14: Kleding
B15: Tv | E15: =IF(C15>=D15,"", HYPERLINK("http://www.simpelhuishoudboekje.org/fout-klik-2x-hier/", "Fout! Klik 2x hier!")) | F15: Uitgaan
B16: Mobiel | E16: =IF(C16>=D16,"", HYPERLINK("http://www.simpelhuishoudboekje.org/fout-klik-2x-hier/", "Fout! Klik 2x hier!")) | F16: Sparen voor vakantie
E17: =IF(C17>=D17,"", HYPERLINK("http://www.simpelhuishoudboekje.org/fout-klik-2x-hier/", "Fout! Klik 2x hier!")) | F17: Potje onvoorzien
E18: =IF(C18>=D18,"", HYPERLINK("http://www.simpelhuishoudboekje.org/fout-klik-2x-hier/", "Fout! Klik 2x hier!"))
E19: =IF(C19>=D19,"", HYPERLINK("http://www.simpelhuishoudboekje.org/fout-klik-2x-hier/", "Fout! Klik 2x hier!"))
E20: =IF(C20>=D20,"", HYPERLINK("http://www.simpelhuishoudboekje.org/fout-klik-2x-hier/", "Fout! Klik 2x hier!"))
E21: =IF(C21>=D21,"", HYPERLINK("http://www.simpelhuishoudboekje.org/fout-klik-2x-hier/", "Fout! Klik 2x hier!"))
E22: =IF(C22>=D22,"", HYPERLINK("http://www.simpelhuishoudboekje.org/fout-klik-2x-hier/", "Fout! Klik 2x hier!"))
E23: =IF(C23>=D23,"", HYPERLINK("http://www.simpelhuishoudboekje.org/fout-klik-2x-hier/", "Fout! Klik 2x hier!"))
E24: =IF(C24>=D24,"", HYPERLINK("http://www.simpelhuishoudboekje.org/fout-klik-2x-hier/", "Fout! Klik 2x hier!"))
E25: =IF(C25>=D25,"", HYPERLINK("http://www.simpelhuishoudboekje.org/fout-klik-2x-hier/", "Fout! Klik 2x hier!"))
E26: =IF(C26>=D26,"", HYPERLINK("http://www.simpelhuishoudboekje.org/fout-klik-2x-hier/", "Fout! Klik 2x hier!"))
E27: =IF(C27>=D27,"", HYPERLINK("http://www.simpelhuishoudboekje.org/fout-klik-2x-hier/", "Fout! Klik 2x hier!"))
E28: =IF(C28>=D28,"", HYPERLINK("http://www.simpelhuishoudboekje.org/fout-klik-2x-hier/", "Fout! Klik 2x hier!"))
E29: =IF(C29>=D29,"", HYPERLINK("http://www.simpelhuishoudboekje.org/fout-klik-2x-hier/", "Fout! Klik 2x hier!"))
B32: Kwartaalkosten | C32: =Kwartaalkosten!F27 -> 0
B33: Jaarkosten | C33: =Jaarkosten!F50 -> 0
B35: Totaal vaste kosten | C35: =SUM(C13:C33) -> 0 | D35: =SUM(D13:D33) -> 0 | F35: Totaal andere kosten | G35: =SUM(G13:G33) -> 0 | H35: =SUM(H13:H33) -> 0
G36: Geplande kosten | H36: =C35+G35 -> 0
G37: Feitelijke kosten | H37: =D35+H35 -> 0
B38: Sparen saldo | C38: =Sparen!C22 -> 0 | F38: Schulden | G38: =Schulden!E21 -> 0
I44: Deel onze website
D52: ©2009-2017 Stichting Simpel Huishoudboekje Copyright
E53: www.simpelhuishoudboekje.nl

Sheet Mei
E1: Mei | G1: =IF(H2>=0,"", HYPERLINK("http://www.simpelhuishoudboekje.org/uit-het-rood-komen/", "U staat rood. Klik 2x hier voor uitleg."))
B2: Inkomsten | C2: Te ontvangen | D2: Binnen | G2: Saldo op rekening | H2: =(D7+C9)-(D35+H35) -> 0
B3: Salaris/uitkering | E3: =IF(C3>=D3,"", HYPERLINK("http://www.simpelhuishoudboekje.org/fout-klik-2x-hier/", "Fout! Klik 2x hier!")) | I3: Inloggen bank
B4: Zorgtoeslag | E4: =IF(C4>=D4,"", HYPERLINK("http://www.simpelhuishoudboekje.org/fout-klik-2x-hier/", "Fout! Klik 2x hier!")) | G4: =IF(H5>=0,"", HYPERLINK("http://www.simpelhuishoudboekje.org/nog-te-betalen-is-negatief/", "Fout! Klik 2x hier voor uitleg."))
B5: Huurtoeslag | E5: =IF(C5>=D5,"", HYPERLINK("http://www.simpelhuishoudboekje.org/fout-klik-2x-hier/", "Fout! Klik 2x hier!")) | G5: Nog te betalen | H5: =(C35+G35)-(D35+H35) -> 0
B6: Teruggave | E6: =IF(C6>=D6,"", HYPERLINK("http://www.simpelhuishoudboekje.org/fout-klik-2x-hier/", "Fout! Klik 2x hier!"))
B7: Totaal Inkomsten | C7: =SUM(C3:C6) -> 0 | D7: =SUM(D3:D6) -> 0 | G7: =IF(H8>=0,"", HYPERLINK("http://www.simpelhuishoudboekje.org/geld-over-is-negatief/", "Klopt dit? Klik 2x hier voor uitleg.")) | I7: Rekenmachine
G8: Geld over | H8: =(C7+C9)-(C35+G35) -> 0
B9: Saldo van vorige maand | C9: =Apr!H2 -> 0 | D9: bij negatief saldo: Bedrag met minteken "-" invullen, (bv -34,5)
B10: Extra regels?
I11: Klik op de knop
B12: Vaste kosten | C12: Te betalen | D12: Betaald | F12: Overige kosten | G12: Gepland | H12: Betaald
B13: Huur/hypotheek | E13: =IF(C13>=D13,"", HYPERLINK("http://www.simpelhuishoudboekje.org/fout-klik-2x-hier/", "Fout! Klik 2x hier!")) | F13: Eten
B14: Energie | E14: =IF(C14>=D14,"", HYPERLINK("http://www.simpelhuishoudboekje.org/fout-klik-2x-hier/", "Fout! Klik 2x hier!")) | F14: Kleding
B15: Tv | E15: =IF(C15>=D15,"", HYPERLINK("http://www.simpelhuishoudboekje.org/fout-klik-2x-hier/", "Fout! Klik 2x hier!")) | F15: Uitgaan
B16: Mobiel | E16: =IF(C16>=D16,"", HYPERLINK("http://www.simpelhuishoudboekje.org/fout-klik-2x-hier/", "Fout! Klik 2x hier!")) | F16: Sparen voor vakantie
E17: =IF(C17>=D17,"", HYPERLINK("http://www.simpelhuishoudboekje.org/fout-klik-2x-hier/", "Fout! Klik 2x hier!")) | F17: Potje onvoorzien
E18: =IF(C18>=D18,"", HYPERLINK("http://www.simpelhuishoudboekje.org/fout-klik-2x-hier/", "Fout! Klik 2x hier!"))
E19: =IF(C19>=D19,"", HYPERLINK("http://www.simpelhuishoudboekje.org/fout-klik-2x-hier/", "Fout! Klik 2x hier!"))
E20: =IF(C20>=D20,"", HYPERLINK("http://www.simpelhuishoudboekje.org/fout-klik-2x-hier/", "Fout! Klik 2x hier!"))
E21: =IF(C21>=D21,"", HYPERLINK("http://www.simpelhuishoudboekje.org/fout-klik-2x-hier/", "Fout! Klik 2x hier!"))
E22: =IF(C22>=D22,"", HYPERLINK("http://www.simpelhuishoudboekje.org/fout-klik-2x-hier/", "Fout! Klik 2x hier!"))
E23: =IF(C23>=D23,"", HYPERLINK("http://www.simpelhuishoudboekje.org/fout-klik-2x-hier/", "Fout! Klik 2x hier!"))
E24: =IF(C24>=D24,"", HYPERLINK("http://www.simpelhuishoudboekje.org/fout-klik-2x-hier/", "Fout! Klik 2x hier!"))
E25: =IF(C25>=D25,"", HYPERLINK("http://www.simpelhuishoudboekje.org/fout-klik-2x-hier/", "Fout! Klik 2x hier!"))
E26: =IF(C26>=D26,"", HYPERLINK("http://www.simpelhuishoudboekje.org/fout-klik-2x-hier/", "Fout! Klik 2x hier!"))
E27: =IF(C27>=D27,"", HYPERLINK("http://www.simpelhuishoudboekje.org/fout-klik-2x-hier/", "Fout! Klik 2x hier!"))
E28: =IF(C28>=D28,"", HYPERLINK("http://www.simpelhuishoudboekje.org/fout-klik-2x-hier/", "Fout! Klik 2x hier!"))
E29: =IF(C29>=D29,"", HYPERLINK("http://www.simpelhuishoudboekje.org/fout-klik-2x-hier/", "Fout! Klik 2x hier!"))
B32: Kwartaalkosten | C32: =Kwartaalkosten!F27 -> 0
B33: Jaarkosten | C33: =Jaarkosten!F50 -> 0
B35: Totaal vaste kosten | C35: =SUM(C13:C33) -> 0 | D35: =SUM(D13:D33) -> 0 | F35: Totaal andere kosten | G35: =SUM(G13:G33) -> 0 | H35: =SUM(H13:H33) -> 0
G36: Geplande kosten | H36: =C35+G35 -> 0
G37: Feitelijke kosten | H37: =D35+H35 -> 0
B38: Sparen saldo | C38: =Sparen!C22 -> 0 | F38: Schulden | G38: =Schulden!E21 -> 0
I44: Deel onze website
D52: ©2009-2017 Stichting Simpel Huishoudboekje Copyright
E53: www.simpelhuishoudboekje.nl

Sheet Apr
E1: April | G1: =IF(H2>=0,"", HYPERLINK("http://www.simpelhuishoudboekje.org/uit-het-rood-komen/", "U staat rood. Klik 2x hier voor uitleg."))
B2: Inkomsten | C2: Te ontvangen | D2: Binnen | G2: Saldo op rekening | H2: =(D7+C9)-(D35+H35) -> 0
B3: Salaris/uitkering | E3: =IF(C3>=D3,"", HYPERLINK("http://www.simpelhuishoudboekje.org/fout-klik-2x-hier/", "Fout! Klik 2x hier!")) | I3: Inloggen bank
B4: Zorgtoeslag | E4: =IF(C4>=D4,"", HYPERLINK("http://www.simpelhuishoudboekje.org/fout-klik-2x-hier/", "Fout! Klik 2x hier!")) | G4: =IF(H5>=0,"", HYPERLINK("http://www.simpelhuishoudboekje.org/nog-te-betalen-is-negatief/", "Fout! Klik 2x hier voor uitleg."))
B5: Huurtoeslag | E5: =IF(C5>=D5,"", HYPERLINK("http://www.simpelhuishoudboekje.org/fout-klik-2x-hier/", "Fout! Klik 2x hier!")) | G5: Nog te betalen | H5: =(C35+G35)-(D35+H35) -> 0
B6: Teruggave | E6: =IF(C6>=D6,"", HYPERLINK("http://www.simpelhuishoudboekje.org/fout-klik-2x-hier/", "Fout! Klik 2x hier!"))
B7: Totaal Inkomsten | C7: =SUM(C3:C6) -> 0 | D7: =SUM(D3:D6) -> 0 | G7: =IF(H8>=0,"", HYPERLINK("http://www.simpelhuishoudboekje.org/geld-over-is-negatief/", "Klopt dit? Klik 2x hier voor uitleg.")) | I7: Rekenmachine
G8: Geld over | H8: =(C7+C9)-(C35+G35) -> 0
B9: Saldo van vorige maand | C9: =Mrt!H2 -> 0 | D9: bij negatief saldo: Bedrag met minteken "-" invullen, (bv -34,5)
B10: Extra regels?
I11: Klik op de knop
B12: Vaste kosten | C12: Te betalen | D12: Betaald | F12: Overige kosten | G12: Gepland | H12: Betaald
B13: Huur/hypotheek | E13: =IF(C13>=D13,"", HYPERLINK("http://www.simpelhuishoudboekje.org/fout-klik-2x-hier/", "Fout! Klik 2x hier!")) | F13: Eten
B14: Energie | E14: =IF(C14>=D14,"", HYPERLINK("http://www.simpelhuishoudboekje.org/fout-klik-2x-hier/", "Fout! Klik 2x hier!")) | F14: Kleding
B15: Tv | E15: =IF(C15>=D15,"", HYPERLINK("http://www.simpelhuishoudboekje.org/fout-klik-2x-hier/", "Fout! Klik 2x hier!")) | F15: Uitgaan
B16: Mobiel | E16: =IF(C16>=D16,"", HYPERLINK("http://www.simpelhuishoudboekje.org/fout-klik-2x-hier/", "Fout! Klik 2x hier!")) | F16: Sparen voor vakantie
E17: =IF(C17>=D17,"", HYPERLINK("http://www.simpelhuishoudboekje.org/fout-klik-2x-hier/", "Fout! Klik 2x hier!")) | F17: Potje onvoorzien
E18: =IF(C18>=D18,"", HYPERLINK("http://www.simpelhuishoudboekje.org/fout-klik-2x-hier/", "Fout! Klik 2x hier!"))
E19: =IF(C19>=D19,"", HYPERLINK("http://www.simpelhuishoudboekje.org/fout-klik-2x-hier/", "Fout! Klik 2x hier!"))
E20: =IF(C20>=D20,"", HYPERLINK("http://www.simpelhuishoudboekje.org/fout-klik-2x-hier/", "Fout! Klik 2x hier!"))
E21: =IF(C21>=D21,"", HYPERLINK("http://www.simpelhuishoudboekje.org/fout-klik-2x-hier/", "Fout! Klik 2x hier!"))
E22: =IF(C22>=D22,"", HYPERLINK("http://www.simpelhuishoudboekje.org/fout-klik-2x-hier/", "Fout! Klik 2x hier!"))
E23: =IF(C23>=D23,"", HYPERLINK("http://www.simpelhuishoudboekje.org/fout-klik-2x-hier/", "Fout! Klik 2x hier!"))
E24: =IF(C24>=D24,"", HYPERLINK("http://www.simpelhuishoudboekje.org/fout-klik-2x-hier/", "Fout! Klik 2x hier!"))
E25: =IF(C25>=D25,"", HYPERLINK("http://www.simpelhuishoudboekje.org/fout-klik-2x-hier/", "Fout! Klik 2x hier!"))
E26: =IF(C26>=D26,"", HYPERLINK("http://www.simpelhuishoudboekje.org/fout-klik-2x-hier/", "Fout! Klik 2x hier!"))
E27: =IF(C27>=D27,"", HYPERLINK("http://www.simpelhuishoudboekje.org/fout-klik-2x-hier/", "Fout! Klik 2x hier!"))
E28: =IF(C28>=D28,"", HYPERLINK("http://www.simpelhuishoudboekje.org/fout-klik-2x-hier/", "Fout! Klik 2x hier!"))
E29: =IF(C29>=D29,"", HYPERLINK("http://www.simpelhuishoudboekje.org/fout-klik-2x-hier/", "Fout! Klik 2x hier!"))
B32: Kwartaalkosten | C32: =Kwartaalkosten!F27 -> 0
B33: Jaarkosten | C33: =Jaarkosten!F50 -> 0
B35: Totaal vaste kosten | C35: =SUM(C13:C33) -> 0 | D35: =SUM(D13:D33) -> 0 | F35: Totaal andere kosten | G35: =SUM(G13:G33) -> 0 | H35: =SUM(H13:H33) -> 0
G36: Geplande kosten | H36: =C35+G35 -> 0
G37: Feitelijke kosten | H37: =D35+H35 -> 0
B38: Sparen saldo | C38: =Sparen!C22 -> 0 | F38: Schulden | G38: =Schulden!E21 -> 0
I44: Deel onze website
D52: ©2009-2017 Stichting Simpel Huishoudboekje Copyright
E53: www.simpelhuishoudboekje.nl

Sheet Mrt
E1: Maart | G1: =IF(H2>=0,"", HYPERLINK("http://www.simpelhuishoudboekje.org/uit-het-rood-komen/", "U staat rood. Klik 2x hier voor uitleg."))
B2: Inkomsten | C2: Te ontvangen | D2: Binnen | G2: Saldo op rekening | H2: =(D7+C9)-(D35+H35) -> 0
B3: Salaris/uitkering | E3: =IF(C3>=D3,"", HYPERLINK("http://www.simpelhuishoudboekje.org/fout-klik-2x-hier/", "Fout! Klik 2x hier!")) | I3: Inloggen bank
B4: Zorgtoeslag | E4: =IF(C4>=D4,"", HYPERLINK("http://www.simpelhuishoudboekje.org/fout-klik-2x-hier/", "Fout! Klik 2x hier!")) | G4: =IF(H5>=0,"", HYPERLINK("http://www.simpelhuishoudboekje.org/nog-te-betalen-is-negatief/", "Fout! Klik 2x hier voor uitleg."))
B5: Huurtoeslag | E5: =IF(C5>=D5,"", HYPERLINK("http://www.simpelhuishoudboekje.org/fout-klik-2x-hier/", "Fout! Klik 2x hier!")) | G5: Nog te betalen | H5: =(C35+G35)-(D35+H35) -> 0
B6: Teruggave | E6: =IF(C6>=D6,"", HYPERLINK("http://www.simpelhuishoudboekje.org/fout-klik-2x-hier/", "Fout! Klik 2x hier!"))
B7: Totaal Inkomsten | C7: =SUM(C3:C6) -> 0 | D7: =SUM(D3:D6) -> 0 | G7: =IF(H8>=0,"", HYPERLINK("http://www.simpelhuishoudboekje.org/geld-over-is-negatief/", "Klopt dit? Klik 2x hier voor uitleg.")) | I7: Rekenmachine
G8: Geld over | H8: =(C7+C9)-(C35+G35) -> 0
B9: Saldo van vorige maand | C9: =Febr!H2 -> 0 | D9: bij negatief saldo: Bedrag met minteken "-" invullen, (bv -34,5)
B10: Extra regels?
I11: Klik op de knop
B12: Vaste kosten | C12: Te betalen | D12: Betaald | F12: Overige kosten | G12: Gepland | H12: Betaald
B13: Huur/hypotheek | E13: =IF(C13>=D13,"", HYPERLINK("http://www.simpelhuishoudboekje.org/fout-klik-2x-hier/", "Fout! Klik 2x hier!")) | F13: Eten
B14: Energie | E14: =IF(C14>=D14,"", HYPERLINK("http://www.simpelhuishoudboekje.org/fout-klik-2x-hier/", "Fout! Klik 2x hier!")) | F14: Kleding
B15: Tv | E15: =IF(C15>=D15,"", HYPERLINK("http://www.simpelhuishoudboekje.org/fout-klik-2x-hier/", "Fout! Klik 2x hier!")) | F15: Uitgaan
B16: Mobiel | E16: =IF(C16>=D16,"", HYPERLINK("http://www.simpelhuishoudboekje.org/fout-klik-2x-hier/", "Fout! Klik 2x hier!")) | F16: Sparen voor vakantie
E17: =IF(C17>=D17,"", HYPERLINK("http://www.simpelhuishoudboekje.org/fout-klik-2x-hier/", "Fout! Klik 2x hier!")) | F17: Potje onvoorzien
E18: =IF(C18>=D18,"", HYPERLINK("http://www.simpelhuishoudboekje.org/fout-klik-2x-hier/", "Fout! Klik 2x hier!"))
E19: =IF(C19>=D19,"", HYPERLINK("http://www.simpelhuishoudboekje.org/fout-klik-2x-hier/", "Fout! Klik 2x hier!"))
E20: =IF(C20>=D20,"", HYPERLINK("http://www.simpelhuishoudboekje.org/fout-klik-2x-hier/", "Fout! Klik 2x hier!"))
E21: =IF(C21>=D21,"", HYPERLINK("http://www.simpelhuishoudboekje.org/fout-klik-2x-hier/", "Fout! Klik 2x hier!"))
E22: =IF(C22>=D22,"", HYPERLINK("http://www.simpelhuishoudboekje.org/fout-klik-2x-hier/", "Fout! Klik 2x hier!"))
E23: =IF(C23>=D23,"", HYPERLINK("http://www.simpelhuishoudboekje.org/fout-klik-2x-hier/", "Fout! Klik 2x hier!"))
E24: =IF(C24>=D24,"", HYPERLINK("http://www.simpelhuishoudboekje.org/fout-klik-2x-hier/", "Fout! Klik 2x hier!"))
E25: =IF(C25>=D25,"", HYPERLINK("http://www.simpelhuishoudboekje.org/fout-klik-2x-hier/", "Fout! Klik 2x hier!"))
E26: =IF(C26>=D26,"", HYPERLINK("http://www.simpelhuishoudboekje.org/fout-klik-2x-hier/", "Fout! Klik 2x hier!"))
E27: =IF(C27>=D27,"", HYPERLINK("http://www.simpelhuishoudboekje.org/fout-klik-2x-hier/", "Fout! Klik 2x hier!"))
E28: =IF(C28>=D28,"", HYPERLINK("http://www.simpelhuishoudboekje.org/fout-klik-2x-hier/", "Fout! Klik 2x hier!"))
E29: =IF(C29>=D29,"", HYPERLINK("http://www.simpelhuishoudboekje.org/fout-klik-2x-hier/", "Fout! Klik 2x hier!"))
B32: Kwartaalkosten | C32: =Kwartaalkosten!F27 -> 0
B33: Jaarkosten | C33: =Jaarkosten!F50 -> 0
B35: Totaal vaste kosten | C35: =SUM(C13:C33) -> 0 | D35: =SUM(D13:D33) -> 0 | F35: Totaal andere kosten | G35: =SUM(G13:G33) -> 0 | H35: =SUM(H13:H33) -> 0
G36: Geplande kosten | H36: =C35+G35 -> 0
G37: Feitelijke kosten | H37: =D35+H35 -> 0
B38: Sparen saldo | C38: =Sparen!C22 -> 0 | F38: Schulden | G38: =Schulden!E21 -> 0
I44: Deel onze website
D52: ©2009-2017 Stichting Simpel Huishoudboekje Copyright
E53: www.simpelhuishoudboekje.nl

Sheet Febr
E1: Februari | G1: =IF(H2>=0,"", HYPERLINK("http://www.simpelhuishoudboekje.org/uit-het-rood-komen/", "U staat rood. Klik 2x hier voor uitleg."))
B2: Inkomsten | C2: Te ontvangen | D2: Binnen | G2: Saldo op rekening | H2: =(D7+C9)-(D35+H35) -> 0
B3: Salaris/uitkering | E3: =IF(C3>=D3,"", HYPERLINK("http://www.simpelhuishoudboekje.org/fout-klik-2x-hier/", "Fout! Klik 2x hier!")) | I3: Inloggen bank
B4: Zorgtoeslag | E4: =IF(C4>=D4,"", HYPERLINK("http://www.simpelhuishoudboekje.org/fout-klik-2x-hier/", "Fout! Klik 2x hier!")) | G4: =IF(H5>=0,"", HYPERLINK("http://www.simpelhuishoudboekje.org/nog-te-betalen-is-negatief/", "Fout! Klik 2x hier voor uitleg."))
B5: Huurtoeslag | E5: =IF(C5>=D5,"", HYPERLINK("http://www.simpelhuishoudboekje.org/fout-klik-2x-hier/", "Fout! Klik 2x hier!")) | G5: Nog te betalen | H5: =(C35+G35)-(D35+H35) -> 0
B6: Teruggave | E6: =IF(C6>=D6,"", HYPERLINK("http://www.simpelhuishoudboekje.org/fout-klik-2x-hier/", "Fout! Klik 2x hier!"))
B7: Totaal Inkomsten | C7: =SUM(C3:C6) -> 0 | D7: =SUM(D3:D6) -> 0 | G7: =IF(H8>=0,"", HYPERLINK("http://www.simpelhuishoudboekje.org/geld-over-is-negatief/", "Klopt dit? Klik 2x hier voor uitleg.")) | I7: Rekenmachine
G8: Geld over | H8: =(C7+C9)-(C35+G35) -> 0
B9: Saldo van vorige maand | C9: =Jan!H2 -> 0 | D9: bij negatief saldo: Bedrag met minteken "-" invullen, (bv -34,5)
B10: Extra regels?
I11: Klik op de knop
B12: Vaste kosten | C12: Te betalen | D12: Betaald | F12: Overige kosten | G12: Gepland | H12: Betaald
B13: Huur/hypotheek | E13: =IF(C13>=D13,"", HYPERLINK("http://www.simpelhuishoudboekje.org/fout-klik-2x-hier/", "Fout! Klik 2x hier!")) | F13: Eten
B14: Energie | E14: =IF(C14>=D14,"", HYPERLINK("http://www.simpelhuishoudboekje.org/fout-klik-2x-hier/", "Fout! Klik 2x hier!")) | F14: Kleding
B15: Tv | E15: =IF(C15>=D15,"", HYPERLINK("http://www.simpelhuishoudboekje.org/fout-klik-2x-hier/", "Fout! Klik 2x hier!")) | F15: Uitgaan
B16: Mobiel | E16: =IF(C16>=D16,"", HYPERLINK("http://www.simpelhuishoudboekje.org/fout-klik-2x-hier/", "Fout! Klik 2x hier!")) | F16: Sparen voor vakantie
E17: =IF(C17>=D17,"", HYPERLINK("http://www.simpelhuishoudboekje.org/fout-klik-2x-hier/", "Fout! Klik 2x hier!")) | F17: Potje onvoorzien
E18: =IF(C18>=D18,"", HYPERLINK("http://www.simpelhuishoudboekje.org/fout-klik-2x-hier/", "Fout! Klik 2x hier!"))
E19: =IF(C19>=D19,"", HYPERLINK("http://www.simpelhuishoudboekje.org/fout-klik-2x-hier/", "Fout! Klik 2x hier!"))
E20: =IF(C20>=D20,"", HYPERLINK("http://www.simpelhuishoudboekje.org/fout-klik-2x-hier/", "Fout! Klik 2x hier!"))
E21: =IF(C21>=D21,"", HYPERLINK("http://www.simpelhuishoudboekje.org/fout-klik-2x-hier/", "Fout! Klik 2x hier!"))
E22: =IF(C22>=D22,"", HYPERLINK("http://www.simpelhuishoudboekje.org/fout-klik-2x-hier/", "Fout! Klik 2x hier!"))
E23: =IF(C23>=D23,"", HYPERLINK("http://www.simpelhuishoudboekje.org/fout-klik-2x-hier/", "Fout! Klik 2x hier!"))
E24: =IF(C24>=D24,"", HYPERLINK("http://www.simpelhuishoudboekje.org/fout-klik-2x-hier/", "Fout! Klik 2x hier!"))
E25: =IF(C25>=D25,"", HYPERLINK("http://www.simpelhuishoudboekje.org/fout-klik-2x-hier/", "Fout! Klik 2x hier!"))
E26: =IF(C26>=D26,"", HYPERLINK("http://www.simpelhuishoudboekje.org/fout-klik-2x-hier/", "Fout! Klik 2x hier!"))
E27: =IF(C27>=D27,"", HYPERLINK("http://www.simpelhuishoudboekje.org/fout-klik-2x-hier/", "Fout! Klik 2x hier!"))
E28: =IF(C28>=D28,"", HYPERLINK("http://www.simpelhuishoudboekje.org/fout-klik-2x-hier/", "Fout! Klik 2x hier!"))
E29: =IF(C29>=D29,"", HYPERLINK("http://www.simpelhuishoudboekje.org/fout-klik-2x-hier/", "Fout! Klik 2x hier!"))
B32: Kwartaalkosten | C32: =Kwartaalkosten!F27 -> 0
B33: Jaarkosten | C33: =Jaarkosten!F50 -> 0
B35: Totaal vaste kosten | C35: =SUM(C13:C33) -> 0 | D35: =SUM(D13:D33) -> 0 | F35: Totaal andere kosten | G35: =SUM(G13:G33) -> 0 | H35: =SUM(H13:H33) -> 0
G36: Geplande kosten | H36: =C35+G35 -> 0
G37: Feitelijke kosten | H37: =D35+H35 -> 0
B38: Sparen saldo | C38: =Sparen!C22 -> 0 | F38: Schulden | G38: =Schulden!E21 -> 0
I44: Deel onze website
D52: ©2009-2017 Stichting Simpel Huishoudboekje Copyright
E53: www.simpelhuishoudboekje.nl

Sheet Jan
E1: Januari | G1: =IF(H2>=0,"", HYPERLINK("http://www.simpelhuishoudboekje.org/uit-het-rood-komen/", "U staat rood. Klik 2x hier voor uitleg."))
B2: Inkomsten | C2: Te ontvangen | D2: Binnen | G2: Saldo op rekening | H2: =(D7+C9)-(D35+H35) -> 0
B3: Salaris/uitkering | E3: =IF(C3>=D3,"", HYPERLINK("http://www.simpelhuishoudboekje.org/fout-klik-2x-hier/", "Fout! Klik 2x hier!")) | I3: Inloggen bank
B4: Zorgtoeslag | E4: =IF(C4>=D4,"", HYPERLINK("http://www.simpelhuishoudboekje.org/fout-klik-2x-hier/", "Fout! Klik 2x hier!")) | G4: =IF(H5>=0,"", HYPERLINK("http://www.simpelhuishoudboekje.org/nog-te-betalen-is-negatief/", "Fout! Klik 2x hier voor uitleg."))
B5: Huurtoeslag | E5: =IF(C5>=D5,"", HYPERLINK("http://www.simpelhuishoudboekje.org/fout-klik-2x-hier/", "Fout! Klik 2x hier!")) | G5: Nog te betalen | H5: =(C35+G35)-(D35+H35) -> 0
B6: Teruggave | E6: =IF(C6>=D6,"", HYPERLINK("http://www.simpelhuishoudboekje.org/fout-klik-2x-hier/", "Fout! Klik 2x hier!"))
B7: Totaal Inkomsten | C7: =SUM(C3:C6) -> 0 | D7: =SUM(D3:D6) -> 0 | G7: =IF(H8>=0,"", HYPERLINK("http://www.simpelhuishoudboekje.org/geld-over-is-negatief/", "Klopt dit? Klik 2x hier voor uitleg.")) | I7: Rekenmachine
G8: Geld over | H8: =(C7+C9)-(C35+G35) -> 0
B9: Saldo van vorige maand | D9: bij negatief saldo: Bedrag met minteken "-" invullen, (bv -34,5)
B10: Extra regels?
I11: Klik op de knop
B12: Vaste kosten | C12: Te betalen | D12: Betaald | F12: Overige kosten | G12: Gepland | H12: Betaald
B13: Huur/hypotheek | E13: =IF(C13>=D13,"", HYPERLINK("http://www.simpelhuishoudboekje.org/fout-klik-2x-hier/", "Fout! Klik 2x hier!")) | F13: Eten
B14: Energie | E14: =IF(C14>=D14,"", HYPERLINK("http://www.simpelhuishoudboekje.org/fout-klik-2x-hier/", "Fout! Klik 2x hier!")) | F14: Kleding
B15: Tv | E15: =IF(C15>=D15,"", HYPERLINK("http://www.simpelhuishoudboekje.org/fout-klik-2x-hier/", "Fout! Klik 2x hier!")) | F15: Uitgaan
B16: Mobiel | E16: =IF(C16>=D16,"", HYPERLINK("http://www.simpelhuishoudboekje.org/fout-klik-2x-hier/", "Fout! Klik 2x hier!")) | F16: Sparen voor vakantie
E17: =IF(C17>=D17,"", HYPERLINK("http://www.simpelhuishoudboekje.org/fout-klik-2x-hier/", "Fout! Klik 2x hier!")) | F17: Potje onvoorzien
E18: =IF(C18>=D18,"", HYPERLINK("http://www.simpelhuishoudboekje.org/fout-klik-2x-hier/", "Fout! Klik 2x hier!"))
E19: =IF(C19>=D19,"", HYPERLINK("http://www.simpelhuishoudboekje.org/fout-klik-2x-hier/", "Fout! Klik 2x hier!"))
E20: =IF(C20>=D20,"", HYPERLINK("http://www.simpelhuishoudboekje.org/fout-klik-2x-hier/", "Fout! Klik 2x hier!"))
E21: =IF(C21>=D21,"", HYPERLINK("http://www.simpelhuishoudboekje.org/fout-klik-2x-hier/", "Fout! Klik 2x hier!"))
E22: =IF(C22>=D22,"", HYPERLINK("http://www.simpelhuishoudboekje.org/fout-klik-2x-hier/", "Fout! Klik 2x hier!"))
E23: =IF(C23>=D23,"", HYPERLINK("http://www.simpelhuishoudboekje.org/fout-klik-2x-hier/", "Fout! Klik 2x hier!"))
E24: =IF(C24>=D24,"", HYPERLINK("http://www.simpelhuishoudboekje.org/fout-klik-2x-hier/", "Fout! Klik 2x hier!"))
E25: =IF(C25>=D25,"", HYPERLINK("http://www.simpelhuishoudboekje.org/fout-klik-2x-hier/", "Fout! Klik 2x hier!"))
E26: =IF(C26>=D26,"", HYPERLINK("http://www.simpelhuishoudboekje.org/fout-klik-2x-hier/", "Fout! Klik 2x hier!"))
E27: =IF(C27>=D27,"", HYPERLINK("http://www.simpelhuishoudboekje.org/fout-klik-2x-hier/", "Fout! Klik 2x hier!"))
E28: =IF(C28>=D28,"", HYPERLINK("http://www.simpelhuishoudboekje.org/fout-klik-2x-hier/", "Fout! Klik 2x hier!"))
E29: =IF(C29>=D29,"", HYPERLINK("http://www.simpelhuishoudboekje.org/fout-klik-2x-hier/", "Fout! Klik 2x hier!"))
B32: Kwartaalkosten | C32: =Kwartaalkosten!F27 -> 0
B33: Jaarkosten | C33: =Jaarkosten!F50 -> 0
B35: Totaal vaste kosten | C35: =SUM(C13:C33) -> 0 | D35: =SUM(D13:D33) -> 0 | F35: Totaal andere kosten | G35: =SUM(G13:G33) -> 0 | H35: =SUM(H13:H33) -> 0
G36: Geplande kosten | H36: =C35+G35 -> 0
G37: Feitelijke kosten | H37: =D35+H35 -> 0
B38: Sparen saldo | C38: =Sparen!C22 -> 0 | F38: Schulden | G38: =Schulden!E21 -> 0
I44: Deel onze website
D52: ©2009-2017 Stichting Simpel Huishoudboekje Copyright
E53: www.simpelhuishoudboekje.nl

Sheet Kwartaalkosten
D4: Kwartaal kosten:
D6: Kosten | E6: Per Kwartaal | F6: Te sparen per maand
D7: Brabant water (voorbeeld) | F7: =E7/3 -> 0
F8: =E8/3 -> 0
F9: =E9/3 -> 0
F10: =E10/3 -> 0
F11: =E11/3 -> 0
F12: =E12/3 -> 0
F13: =E13/3 -> 0
F14: =E14/3 -> 0
F15: =E15/3 -> 0
F16: =E16/3 -> 0
F17: =E17/3 -> 0
F18: =E18/3 -> 0
F19: =E19/3 -> 0
... F26: =E26/3 -> 0
D27: Totaal: | E27: =SUM(E7:E26) -> 0 | F27: =E27/3 -> 0
D37: ©2009-2017 Stichting Simpel Huishoudboekje Copyright
E38: www.simpelhuishoudboekje.nl

Sheet Jaarkosten
D4: Jaarlijkse kosten:
D6: Kosten | E6: Per Jaar | F6: Te sparen per maand
D7: Eigen bijdrage zorgverzekering | F7: =E7/12 -> 0
D8: Jaarafrekening elektra, bijbetalen | F8: =E8/12 -> 0
D9: Gem.belastingen | F9: =E9/12 -> 0
F10: =E10/12 -> 0
F11: =E11/12 -> 0
F12: =E12/12 -> 0
F13: =E13/12 -> 0
F14: =E14/12 -> 0
F15: =E15/12 -> 0
F16: =E16/12 -> 0
F17: =E17/12 -> 0
F18: =E18/12 -> 0
F19: =E19/12 -> 0
F20: =E20/12 -> 0
F21: =E21/12 -> 0
... F49: =E49/12 -> 0
D50: Totaal: | E50: =SUM(E7:E49) -> 0 | F50: =E50/12 -> 0
D60: ©2009-2017 Stichting Simpel Huishoudboekje Copyright
E61: www.simpelhuishoudboekje.nl

Sheet Schulden
D2: Schulden:
D4: Naam | E4: Rest Schuld euro | F4: Looptijd maanden | G4: Afbetalen per maand
D5: Rabobank (voorbeeld) | F5: 36 | G5: 105
D20: Stappenplan “De weg uit shulden”
D21: Totaal: | E21: =SUM(E5:E20) -> 0 | G21: =SUM(G5:G20) -> 105
D31: ©2009-2017 Stichting Simpel Huishoudboekje Copyright
E32: www.simpelhuishoudboekje.nl

Sheet Sparen
B3: Sparen: | F3: Sparen Pensioen:
B5: Naam | C5: Saldo | D5: Rente | G5: Premie | H5: Kapitaal | I5: Na 67ste: Pensioenuitkering p.m.
B6: Rabobank | D6: 0.03 | F6: 1.Pensioen van werkgever:
B7: ING | F7: Werkgever A
F8: Werkgever B
F13: 2.Pensioen zelf extra sparen:
F14: Lijfrentepolis
F19: 3. Pensioen van de wet:
F20: AOW pensioen
B21: Slim sparen | F21: Wanneer mag ik met pensioen?
B22: Totaal: | C22: =SUM(C6:C21) -> 0 | F22: Totaal: | G22: =SUM(G6:G21) -> 0 | H22: =SUM(H6:H21) -> 0 | I22: =SUM(I6:I21) -> 0
I26: Inloggen mijnpensioenoverzicht.nl
C32: ©2009-2017 Stichting Simpel Huishoudboekje Copyright
E33: www.simpelhuishoudboekje.nl

Sheet Besparings ToolBox
C2: BesparingsToolbox©
C5: 1. Boodschappen | D5: Klik hier
C6: 2. Drogisterij | D6: Klik hier
C7: 3. Kleding en schoenen | D7: Klik hier
C8: 4. Huishoudelijke apparatuur en elektronica | D8: Klik hier
C9: 5. Elektriciteit en gas | D9: Klik hier
C10: 6. TV, Telefoon, Internet | D10: Klik hier
C11: 7. Mobiel | D11: Klik hier
C12: 8. Hypotheek | D12: Klik hier
C13: 9. Verzekeringen | D13: Klik hier
C14: 10. Leningen | D14: Klik hier
C15: 11. Dagje uit | D15: Klik hier
C16: 12. Weekendje weg | D16: Klik hier
... C26: 22. Handige daily besparingtips | D26: Klik hier

Sheet Budgetteren
I34: Klik op de afbeelding voor uitleg

Sheet Overige
B3: Extra tabblad Freestyle
B6: Omschrijving | C6: Bedrag | E6: Omschrijving | F6: Bedrag | H6: Omschrijving | I6: Bedrag
B30: Totaal | C30: =SUM(C7:C29) -> 0 | E30: Totaal | F30: =SUM(F7:F29) -> 0 | H30: Totaal | I30: =SUM(I7:I29) -> 0
